 Dungeon Crawl Stone Soup version 0.24-a0-169-g71aafec (webtiles) character file.

Game seed: 715796767186839941

515 Borgoz the Sneak (level 7, -1/54 (56) HPs)
             Began as a Ghoul Enchanter on Mar 8, 2019.
             Killed from afar by Dowan (7 damage)
             ... with a stone arrow
             ... on level 4 of the Dungeon.
             The game lasted 00:07:59 (4292 turns).

Borgoz the Sneak (Ghoul Enchanter)                  Turns: 4292, Time: 00:08:01

HP:   -1/54 (56)    AC:  2    Str: 12    XL:     7   Next: 20%
MP:   9/10          EV: 13    Int: 11    God:
Gold: 217           SH:  0    Dex: 10    Spells: 5/11 levels left

rFire    . . .     SeeInvis .   p - +0 short sword (drain)
rCold    + . .     Gourm    .   (no shield)
rNeg     + + +     Faith    .   b - +0 robe
rPois    ∞         Spirit   .   (no helmet)
rElec    .         Reflect  .   (no cloak)
rCorr    .         Harm     .   (no gloves)
MR       .....                  (no boots)
Stlth    ++........             (no amulet)
HPRegen  0.00/turn              (no ring)
MPRegen  0.12/turn              (no ring)

@: rotting
A: rotting body, claws 1, carnivore, cold resistance 1, negative energy
resistance 3, inhibited regeneration, torment resistance, unbreathing
a: no special abilities


You were on level 4 of the Dungeon.
You were not hungry.

You visited 1 branch of the dungeon, and saw 4 of its levels.

You collected 217 gold pieces.

Inventory:

Hand Weapons
 n - a +0 dagger of freezing
 p - a +0 short sword of draining (weapon)
Missiles
 i - 5 javelins (quivered)
 l - 3 tomahawks
Armour
 b - a +0 robe (worn)
 c - a +0 ring mail
 e - a +0 leather armour
Wands
 o - a wand of disintegration (15)
Scrolls
 a - a scroll of teleportation
 g - a scroll of noise {unknown}
 h - a scroll of remove curse
 j - a scroll of fog {unknown}
 k - a scroll of identify {unknown}
 m - a scroll of enchant armour {unknown}
Potions
 f - a potion of curing
Comestibles
 d - 5 rations


   Skills:
 + Level 2.5 Fighting
 * Level 3.3 Short Blades
 * Level 2.5 Armour
 * Level 3.3 Dodging
 + Level 3.9 Stealth
 + Level 2.7 Spellcasting
 + Level 2.8 Hexes


You had 5 spell levels left.
You knew the following spells:

 Your Spells              Type           Power        Failure   Level  Hunger
a - Corona                Hex            #......      9%          1    #......
b - Ensorcelled Hibernat  Hex/Ice        #.....       22%         2    ###....
c - Confuse               Hex            #.......     26%         3    ###....

Your spell library contained the following spells:

 Spells                   Type           Power        Failure   Level  Hunger
 Tukima's Dance           Hex            #.......     26%         3    ###....
 Dazzling Spray           Conj/Hex       #.....       41%         3    ###....


Dungeon Overview and Level Annotations

Branches:
Dungeon (4/15)
 Temple: D:4-7

Altars:
Cheibriados
Vehumet

Annotations:
D:4 Dowan


Innate Abilities, Weirdness & Mutations

Your body is rotting away.
You thrive on raw meat.
You are immune to poison.
You have sharp fingernails.
You are carnivorous and can eat meat at any time.
Your flesh is cold resistant. (rC+)
You are immune to negative energy. (rN+++)
You do not regenerate when monsters are visible.
You are immune to unholy pain and torment.
You can survive without breathing.


Message History

Dowan is heavily wounded.
Dowan barely misses you.
You closely miss Dowan.
Dowan is heavily wounded.
Dowan barely misses you. Dowan completely misses you.
You hit Dowan. You drain Dowan.
Dowan is severely wounded.
Dowan closely misses you.
You closely miss Dowan.
Dowan is severely wounded.
Dowan casts a spell at you. The stone arrow hits you!
* * * LOW HITPOINT WARNING * * *
You hit Dowan. You drain Dowan.
Dowan is almost dead.
Dowan hits you with a +0 dagger.
* * * LOW HITPOINT WARNING * * *
Dowan points at you and mumbles some strange words.
The stone arrow hits you!
You die...

.............#
#..
#####........#
#.. #........#
#.. #........#
#.. #........#
#.. #........#
#.. #........#
#.. ###e######
### #@# #.#
#(# ..# ####


You could see Dowan.

Vanquished Creatures
  Duvessa (D:4)
  An ogre (D:4)
  A howler monkey (D:4)
  An orc priest (D:4)
  2 orc wizards (D:4)
  An iguana (D:4)
  A hound skeleton (D:4)
  6 adders
  2 adder skeletons
  4 worms
  A dart slug (D:1)
  3 leopard geckos
  5 orcs (D:4)
  13 bats
  6 giant cockroaches
  6 goblins
  12 hobgoblins
  4 jackals (D:2)
  8 kobolds
  2 quokkas (D:2)
  3 ball pythons
  3 frilled lizards
  A leopard gecko skeleton (D:4)
  A quokka skeleton (D:4)
  7 rats
95 creatures vanquished.

Notes
Turn   | Place    | Note
-------+----------+-------------------------------------------
     0 | D:1      | Borgoz the Ghoul Enchanter began the quest for the Orb.
     0 | D:1      | Reached XP level 1. HP: 14/14 MP: 2/2
    55 | D:1      | Reached skill level 1 in Short Blades
   204 | D:1      | Reached XP level 2. HP: 20/22 MP: 3/3
   433 | D:1      | Reached skill level 1 in Fighting
   550 | D:1      | You fall through a shaft!
   560 | D:2      | Reached XP level 3. HP: 21/26 MP: 5/5
   592 | D:2      | Learned a level 2 spell: Ensorcelled Hibernation
   962 | D:1      | Found a snail-covered altar of Cheibriados.
  1560 | D:2      | Reached skill level 1 in Armour
  1560 | D:2      | Reached XP level 4. HP: 35/35 MP: 6/6
  1686 | D:2      | Learned a level 3 spell: Confuse
  2424 | D:3      | Found a radiant altar of Vehumet.
  2592 | D:3      | Reached XP level 5. HP: 41/41 MP: 7/7
  3455 | D:4      | Reached XP level 6. HP: 47/47 MP: 8/8
  4250 | D:4      | Noticed Duvessa
  4252 | D:4      | Noticed Dowan
  4278 | D:4      | Killed Duvessa
  4278 | D:4      | Reached XP level 7. HP: 27/53 MP: 8/10
  4292 | D:4      | Killed from afar by Dowan

Levels and vault maps discovered:
D:1:      lemuel_arrival_muddy, layout_loops_ring, st_stairs_8,
          hangedman_decor_slide_cut, cheibriados_altar_1
D:2:      layout_basic, first_ration, hangedman_decor_points,
          grunt_ministairs_15
D:3:      layout_rooms, lemuel_crystal_altar, palyth_stone_intersect
D:4:      layout_basic, uniq_duvessa, uniq_grinder

Skill      XL: |  1  2  3  4  5  6 |
---------------+-------------------+-----
Short Blades   | 1 2 3 |  3.3
Dodging        | 2 3 |  3.3
Spellcasting   | 2 |  2.7
Fighting       | 1 2 |  2.5
Armour         | 1 2 |  2.5
Stealth        | |  3.9
Hexes          | |  2.8

Action                   |  1- 3 |  4- 6 |  7- 9 || total
-------------------------+-------+-------+-------++-------
Melee: Dagger            |   188 |    60 |       ||   248
       Short sword       |       |   211 |     6 ||   217
 Cast: Ensorcelled Hiber |     2 |     4 |       ||     6
  Use: Potion            |     1 |     9 |       ||    10
       Scroll            |       |     4 |       ||     4
 Stab: Sleeping          |     9 |     7 |       ||    16
  Eat: Chunk             |    21 |    21 |     1 ||    43
Armor: Robe              |    39 |    30 |     1 ||    70
Dodge: Dodged            |   119 |   171 |     4 ||   294

Table legend:
 A = Non-vault XP
 B = Vault XP
 C = Vault XP percentage of total XP
 D = Non-vault monster count
 E = Vault monster count
 F = Vault count percentage of total count
                 A         B        C        D         E       F
            +---------+---------+-------+---------+---------+-------
      Total |     586 |     150 |  20.4 |      91 |       4 |   4.2
            +---------+---------+-------+---------+---------+-------
        D:1 |      40 |       1 |   2.4 |      24 |       1 |   4.0
        D:2 |      61 |       7 |  10.3 |      27 |       2 |   6.9
        D:3 |      90 |       0 |   0.0 |      21 |       0 |   0.0
        D:4 |     395 |     142 |  26.4 |      19 |       1 |   5.0
            +---------+---------+-------+---------+---------+-------
